AoeStats
← happyhoeker

Arabian Desert

510528846Analyzed
1v1 RM · 18h ago on Oct 1, 2026· 23m 5s· 2 players
Game mode
Random Map
Map size
Tiny (2 player)
Population
200
Speed
Normal
Resources
Standard
Victory
Conquest
Starting age
Dark Age
Ending age
Imperial Age
RankedLock teamsTeams togetherTeam positionsShared explorationLock speedFull tech treeHidden civsTurbo modeCheats
Victory
Defeat
🇪🇸 Wu · Spain
1177
+17
🇳🇱 Burmese · Netherlands
1196
-17
alexvolt4
5:32 Loom
9:54 Feudal Age
9:57 Man-at-Arms
11:42 Scale Mail Armor
15:49 Arson
21:38 Castle Age
21:29 Double-Bit Axe
23:05 Squires
23:18 Forging
happyhoeker
11:16 Feudal Age
9:33 Loom
16:01 Forging
Connection lost

Rejoining the realm…

Still unreachable

The connection could not be restored.

Session expired

The server has moved on; the page needs a fresh start.